 Dungeon Crawl Stone Soup version 0.32-a0-306-gfed3edf829 (webtiles) character file.

Game seed: 16561851117701613848

504 Dittersdorf the Covered (level 7, 0/44 HPs)
             Began as a Gargoyle Fighter on Feb 14, 2024.
             Slain by Crazy Yiuf
             ... wielding a +3 quarterstaff of chaos
              (5 damage)
             ... on level 3 of the Dungeon.
             The game lasted 00:03:21 (3915 turns).

Dittersdorf the Covered (Gargoyle Fighter)          Turns: 3915, Time: 00:03:21

Health: 0/44       AC: 12    Str: 21    XL:     7   Next: 17%
Magic:  7/7        EV:  9    Int:  9    God:
Gold:   146        SH:  0    Dex:  9    Spells: 6/6 levels left

rFire   . . .        a - +1 flail
rCold   . . .        c - +0 buckler
rNeg    + . .        b - +0 scale mail
rPois   ∞            (no helmet)
rElec   +            (no cloak)
rCorr   .            (no gloves)
SInv    .            (no boots)
Will    .....        (no amulet) Stlth
                     (no ring)
HPRegen 0.27/turn    (no ring)
MPRegen 0.10/turn

%: no passive effects
@: confused, slowed, very slow
A: sickness immunity, AC +4, negative energy resistance 1, electricity
resistance, torment resistance 1, petrification resistance
a: no special abilities


You were on level 3 of the Dungeon.
You visited 1 branch of the dungeon, and saw 6 of its levels.
You also visited: Sewer.

You collected 146 gold pieces.

Inventory:

Hand Weapons
 a - a +1 flail (weapon)
Missiles
 e - a curare-tipped dart
Armour
 b - a +0 scale mail (worn)
 c - a +0 buckler (worn)
Jewellery
 o - a ring of protection from fire
 p - a +4 ring of protection
Scrolls
 k - a scroll of enchant weapon
 m - a scroll of vulnerability {unknown}
Potions
 d - 2 potions of might
 f - 2 potions of enlightenment
 g - a potion of magic
 h - a potion of resistance
 i - a potion of heal wounds {unknown}
 j - 5 potions of curing
 n - a potion of mutation


   Skills:
 + Level 5.1 Fighting
 + Level 4.1 Maces & Flails
 + Level 5.1 Armour
 + Level 5.1 Shields


You had 6 spell levels left.
You didn't know any spells.
Your spell library contained the following spells:

 Spells                   Type           Power      Damage    Failure   Level
 Kiss of Death            Conj/Necr      0%         2d5       77%         1
 Blink                    Tloc           0%         N/A       88%         2
 Lesser Beckoning         Tloc           0%         N/A       88%         2
 Momentum Strike          Conj/Tloc      0%         3d8       88%         2
 Confusing Touch          Hex            0%         N/A       98%         3
 Dispel Undead            Necr           0%         3d6       100%        4


Dungeon Overview and Level Annotations

Branches:
Dungeon (6/15)              Sewer (visited)
 Temple: D:4-7

Altars:

Annotations:
D:3 Crazy Yiuf


Innate Abilities, Weirdness & Mutations

You are immune to sickness and miasma.
Your stone body is resilient. (AC +4)
You are immune to poison.
You resist negative energy. (rN+)
You are resistant to electric shocks. (rElec)
You are resistant to unholy torment.
You are immune to petrification.


Message History

There is an open door here.
There is a stone staircase leading down here.
Items here: ( ))))) [[[ ÷.
Items here: ( ))))) [[[ ÷.
There is a stone staircase leading down here.
Crazy Yiuf shouts!
Could not explore, unopened runed door.
No reachable target in view!
You open the door.
Crazy Yiuf glowers.
Throw: throwing net
Press: ? - help, Q - select action, (/) - cycle Shift-Dir - straight line, f - Crazy Yiuf
Aim: Crazy Yiuf, wielding a +3 quarterstaff of chaos and wearing a +2 cloak of willpower (56% to hit)
You throw a throwing net.
The throwing net barely misses Crazy Yiuf.
Crazy Yiuf hits you but does no damage.
You are confused.
You bump into the rock wall.
Crazy Yiuf hits you but does no damage.
You bump into the rock wall.
Crazy Yiuf hits you but does no damage.
You are more confused.
You bump into the rock wall.
Crazy Yiuf hits you but does no damage.
You barely miss Crazy Yiuf.
Crazy Yiuf hits you with a +3 quarterstaff of chaos!
Crazy Yiuf freezes you.
You bump into the stone wall.
Crazy Yiuf hits you with a +3 quarterstaff of chaos.
You feel yourself slow down.
You closely miss Crazy Yiuf. Crazy Yiuf barely misses you.
Crazy Yiuf hits you with a +3 quarterstaff of chaos.
Crazy Yiuf freezes you.
You bump into the rock wall.
Crazy Yiuf closely misses you. Crazy Yiuf barely misses you.
You hit Crazy Yiuf.
Crazy Yiuf is moderately wounded.
Crazy Yiuf hits you with a +3 quarterstaff of chaos!
* * * LOW HITPOINT WARNING * * *
Crazy Yiuf burns you.
* * * LOW HITPOINT WARNING * * *
Crazy Yiuf hits you with a +3 quarterstaff of chaos.
You die...

# #####......
#..%)....## #.###...##
#.# #..## ###
#####..#### ..#
#........ #.# ########
###..####
#.#######.#..#.### ###
##...###
..............#.@##...#
##.....##
#.##.#.......####g'..(#
#.....###
#.#...>#..#.## ###..)#
#....## # ..#....######
### ####.# # ..#...##
#.# .###.## ##'##
####.####### #######
#####...## ###........#
#.....# #.##.....##
##.###.#####
##.....###.#.......#


You could see Crazy Yiuf.

Vanquished Creatures
  2 kobold brigands (Sewer)
  A bullfrog (D:4)
  An orc priest (D:3)
  Terence (D:3)
  An orc wizard (D:3)
  9 adders
  2 river rats (Sewer)
  An ufetubus (D:5)
  2 ribbon worms (D:3)
  A dart slug (D:3)
  4 orcs (D:3)
  7 ball pythons
  5 endoplasms
  2 giant cockroaches (D:1)
  4 goblins
  5 hobgoblins
  5 jackals
  3 kobolds (Sewer)
  A quokka (D:2)
  9 bats
  6 frilled lizards
  6 rats
78 creatures vanquished.

Notes
Turn   | Place    | Note
-------+----------+-------------------------------------------
     0 | D:1      | Dittersdorf the Gargoyle Fighter began the quest for the
                  | Orb.
     0 | D:1      | Reached XP level 1. HP: 14/14 MP: 1/1
    69 | D:1      | Reached XP level 2. HP: 19/19 MP: 2/2
  1245 | D:2      | Reached XP level 3. HP: 20/23 MP: 3/3
  1641 | D:2      | Reached XP level 4. HP: 29/29 MP: 4/4
  2026 | D:2      | Reached XP level 5. HP: 33/33 MP: 5/5
  2470 | D:3      | Noticed Terence
  2472 | D:3      | Found a glowing drain.
  2491 | D:3      | Killed Terence
  2512 | Sewer    | Entered a sewer
  2606 | Sewer    | Noticed a kobold brigand
  2606 | Sewer    | Noticed a kobold brigand
  2635 | Sewer    | Killed a kobold brigand
  2636 | Sewer    | Reached XP level 6. HP: 30/39 MP: 6/6
  2742 | Sewer    | Found a glowing silver altar of Zin.
  2916 | D:3      | Reached skill level 5 in Fighting
  3278 | D:3      | Reached skill level 5 in Armour
  3303 | D:3      | Found a runed translucent door.
  3304 | D:3      | Noticed Crazy Yiuf
  3335 | D:3      | You fall into a shaft and drop 3 floors!
  3342 | D:6      | Noticed a sky beast
  3346 | D:5      | Entered Level 5 of the Dungeon
  3390 | D:4      | Reached skill level 5 in Shields
  3390 | D:4      | Reached XP level 7. HP: 32/44 MP: 7/7
  3915 | D:3      | Slain by Crazy Yiuf

Illustrated notes

Levels and vault maps discovered:
D:1:      dpeg_arrival_oval, layout_basic
D:2:      layout_basic
D:3:      layout_loops_corners, cheibrodos_sewer_entry_drain, uniq_terence,
          uniq_crazy_yiuf_cottage
D:4:      layout_gridville
D:5:      layout_loops_corners, minmay_temple_entry_tees
D:6:      layout_rooms, lemuel_crystal_altar, uniq_edmund

Skill      XL: |  1  2  3  4  5  6 |
---------------+-------------------+-----
Armour         | 4 5 |  5.1
Fighting       | 4 5 |  5.1
Shields        | 4 5 |  5.1
Maces & Flails | 3 4 |  4.1

Action                     |  1- 3 |  4- 6 |  7- 9 || total
---------------------------+-------+-------+-------++-------
  Melee: Flail             |    70 |   209 |    31 ||   310
  Throw: Throwing net      |       |       |     1 ||     1
    Use: Scroll            |       |     8 |     1 ||     9
 Armour: Scale mail        |    55 |   178 |    25 ||   258
  Dodge: Dodged            |    43 |    99 |    13 ||   155
  Block: Buckler           |    25 |    61 |     6 ||    92

Table legend: (Time is in decaauts)
 A = Elapsed time spent in this place.
 B = Non-inter-level travel time spent in this place.
 C = Inter-level travel time spent in this place.
 D = Time resting spent in this place.
 E = Time spent auto-exploring this place.
 F = Levels seen in this place.
 G = Mean time per level.
                   A        B        C        D        E       F      G
               +--------+--------+--------+--------+--------+-----+--------+
         Total |   4026 |   3826 |    200 |    201 |   2860 |   7 |  575.1 |
       Dungeon |   3719 |   3519 |    200 |    131 |   2727 |   6 |  619.8 |
         Sewer |    307 |    307 |      0 |     70 |    133 |   1 |  307.0 |
               +--------+--------+--------+--------+--------+-----+--------+

Top non-repeatable levels by time:
     D:1: 1290 daAuts
     D:2: 1191 daAuts
     D:3: 1138 daAuts
   Sewer: 307 daAuts
     D:4: 72 daAuts
     D:5: 16 daAuts
     D:6: 10 daAuts
